Map: Ultralove

Players

ArturPirojkv - Winner!

  • Race: Zerg Zerg
  • League: Diamond
  • Spawn Location: 1:00

ManlyManMeat

  • Race: Zerg Zerg
  • League: Diamond
  • Spawn Location: 7:00

VOD

Have the link to the VOD?

Description

Time

  • Played on: July 8, 2025, 6:43 p.m.
  • Length: 8:34
Show
View Real Time Build Order
Export as new Build Order

ArturPirojkv Zerg - Winner!

Build Orders: Pool First 

Get SALT Encoding   

  12  0:02  Drone  
  13  0:11  Drone  
  14  0:20  Extractor  
  14  0:21  Drone, Extractor  
  12  0:22  Drone  
  16  0:39  Spawning Pool  
  15  0:56  Hatchery  
  14  1:07  Extractor  
  14  1:08  Drone x2, Extractor  
  16  1:12  Overlord  
  16  1:30  Queen  
  16  1:32  Overlord  
  18  1:41  Drone x2  
  20  1:51  Drone  
  21  2:02  Zergling x2  
  21  2:08  Queen  
  24  2:11  Queen  
  24  2:13  Drone x2  
  28  2:27  Drone x2  
  30  2:31  Overlord  
  30  2:34  Overlord  
  30  2:42  Spine Crawler  
  30  2:43  Drone  
  30  2:44  Drone x3  
  32  3:02  Drone  
  32  3:03  Drone x3  
  36  3:13  Hatchery  
  36  3:15  Evolution Chamber  
  36  3:17  Evolution Chamber  
  33  3:27  Drone  
  33  3:28  Drone x6  
  40  3:36  Overlord  
  40  3:37  Overlord  
  40  3:44  Extractor  
  40  3:45  Extractor  
  38  3:55  Overlord  
  38  3:56  Overlord  
  38  3:57  Overlord  
  38  4:01  Extractor  
  38  4:02  Drone  
  38  4:03  Drone x3  
  38  4:04  Evolution Chamber, Extractor  
  40  4:16  Drone  
  41  4:17  Drone x2  
  43  4:28  Drone x6, Roach Warren  
  48  4:37  Lair  
  48  4:39  Drone  
  48  4:40  Drone x2  
  51  4:47  Drone x3  
  51  4:48  Drone x2  
  56  5:08  Roach x4  
  56  5:10  Zerg Ground Armor Level 1, Zerg Missile Weapons Level 1  
  64  5:21  Drone x9  
  65  5:22  Drone  
  74  5:40  Roach  
  74  5:41  Roach x3  
  82  5:44  Hatchery  
  81  5:50  Ravager x4  
  81  5:54  Overlord x2  
  81  5:55  Roach x3  
  91  5:57  Roach  
  91  5:59  Roach  
  95  6:07  Glial Reconstitution  
  95  6:11  Drone, Overlord  
  96  6:12  Overlord x2  
  96  6:15  Roach  
  98  6:36  Roach  
  98  6:37  Roach x9  
  118  7:00  Pneumatized Carapace  
  118  7:05  Roach x10  
  138  7:08  Drone  
  138  7:09  Drone x3  
  138  7:12  Extractor x2  
  140  7:28  Roach  
  140  7:29  Roach x5  
  134  7:53  Roach x3  
  134  7:54  Roach x6  
  134  7:56  Overlord x3  
  134  7:57  Overlord x4  
Show
View Real Time Build Order
Export as new Build Order

ManlyManMeat Zerg 

Build Orders: Hatch First 

Get SALT Encoding   

  12  0:00  Drone  
  13  0:08  Drone  
  13  0:14  Extractor  
  13  0:15  Drone  
  15  0:21  Overlord  
  15  0:41  Drone  
  16  0:46  Hatchery  
  15  0:50  Drone  
  15  0:54  Drone  
  17  0:57  Drone  
  18  1:07  Extractor  
  17  1:13  Spawning Pool  
  17  1:17  Drone  
  17  1:19  Drone  
  18  1:28  Drone  
  19  1:37  Drone  
  20  1:47  Drone  
  21  2:00  Queen x2  
  21  2:01  Zergling x2  
  26  2:04  Overlord  
  26  2:13  Drone x2  
  28  2:16  Metabolic Boost  
  28  2:26  Drone  
  28  2:27  Zergling x2  
  30  2:39  Zergling x4  
  32  2:51  Hatchery  
  31  2:52  Drone x2  
  33  3:00  Overlord  
  33  3:10  Baneling Nest  
  33  3:12  Drone x2  
  34  3:13  Zergling x4  
  35  3:35  Drone x3  
  35  3:36  Drone x3  
  35  3:37  Overlord  
  35  3:39  Queen  
  44  3:48  Roach Warren  
  44  3:51  Drone, Evolution Chamber  
  43  4:00  Drone x2  
  43  4:02  Drone x3  
  48  4:04  Drone x2  
  50  4:15  Drone  
  50  4:16  Lair, Zerg Missile Weapons Level 1  
  51  4:22  Drone x2  
  51  4:23  Overlord  
  53  4:25  Overlord  
  53  4:32  Overlord x2  
  53  4:36  Drone  
  53  4:37  Drone x2  
  53  4:38  Drone  
  57  4:50  Overlord x2  
  57  4:51  Roach  
  57  4:52  Roach x3  
  65  5:00  Roach  
  65  5:03  Roach  
  65  5:04  Roach  
  71  5:07  Extractor  
  71  5:09  Extractor  
  71  5:12  Roach x2  
  73  5:17  Roach x3  
  73  5:20  Drone x3  
  82  5:28  Roach  
  84  5:29  Drone  
  84  5:30  Drone  
  86  5:39  Extractor  
  86  5:41  Roach  
  86  5:42  Zergling x8, Roach  
  93  5:48  Roach  
  93  5:49  Overlord x4  
  95  5:53  Roach  
  97  6:07  Spore Crawler, Hydralisk Den  
  97  6:08  Spore Crawler  
  97  6:09  Spore Crawler  
  97  6:10  Roach x2, Spore Crawler  
  96  6:11  Zergling x16  
  96  6:12  Zergling x2  
  105  6:24  Roach x5  
  111  6:32  Glial Reconstitution  
  111  6:40  Ravager  
  111  6:43  Roach  
  114  6:49  Overlord  
  114  6:50  Overlord x3  
  111  7:02  Extractor  
  111  7:03  Extractor  
  111  7:07  Hydralisk x4, Grooved Spines  
  117  7:14  Drone x3  
  117  7:15  Drone x3  
  120  7:24  Roach x2  
  120  7:25  Roach x2  
  122  7:35  Roach x3  
  119  7:45  Roach x2  
  107  7:54  Roach x3  
  107  7:56  Roach  
  88  8:04  Hydralisk x2  
Tags
 
Matchup
ZvZ
Race
Zerg
Replay Pack
Myownreplay2
Spawn Locations
Cross Positions
Add a new tag
Caveats
  • Supply blocks, unpowered buildings, or Contaminate may cause inaccurate times.
  • Supply counts are checked every 10 seconds.